[Event "Landsturneringen 2023"]
[Site "Vallhall, Oslo"]
[Date "2023.07.08"]
[Round "9"]
[White "Yran, Petter"]
[Black "Jørgensen, Ørjan"]
[Result "1-0"]
[WhiteElo "1576"]
[BlackElo "1569"]
[TimeControl "40/5400+30:1800+30"]
[BlackFideId "1514911"]
[WhiteFideId "1567659"]

1. e4 e5 2. Nf3 d5 3. Nxe5 Nf6 4. exd5 Qxd5 5. Nf3 Bg4 6. Be2 Bd6 7. Nc3
Qh5 8. h3 Nbd7 9. d4 a6 10. Be3 Rd8 11. Qd2 Bb4 12. O-O-O Bxf3 13. Bxf3 Qa5
14. a3 Ne5 15. axb4 Qa1+ 16. Nb1 Nc4 17. Qc3 b5 18. Bc6+ Nd7 19. b3 Qxc3
20. Nxc3 Nd6 21. Bf4 O-O 22. Bxd6 cxd6 23. Bxd7 Rxd7 24. Nd5 Ra7 25. Rhe1
Rfa8 26. Re7 1-0

[Event "Landsturneringen 2023"]
[Site "Vallhall, Oslo"]
[Date "2023.07.08"]
[Round "9"]
[White "Nyberget, Eirik"]
[Black "Kellman, Jukka M K"]
[Result "1-0"]
[WhiteElo "1417"]
[BlackElo "1421"]
[TimeControl "40/5400+30:1800+30"]
[BlackFideId "1526669"]
[WhiteFideId "1542940"]

1. d4 d5 2. c4 e6 3. Nc3 Nf6 4. Bg5 Be7 5. Nf3 Nbd7 6. e3 c6 7. Bd3 O-O 8.
Qc2 h6 9. Bh4 c5 10. cxd5 Nxd5 11. Bxe7 Nxe7 12. O-O cxd4 13. Nxd4 Nf6 14.
Rfd1 Ned5 15. a3 Nxc3 16. Qxc3 Bd7 17. Rac1 Rc8 18. Qb4 Rxc1 19. Rxc1 b6
20. Ba6 Qb8 21. h3 Bc8 22. Nc6 Nd5 23. Qxf8+ Kxf8 24. Nxb8 Bxa6 25. Nxa6
1-0

[Event "Landsturneringen 2023"]
[Site "Vallhall, Oslo"]
[Date "2023.07.08"]
[Round "9"]
[White "Rønning, Tom Jøran S"]
[Black "Mæhle, Morten Heje"]
[Result "0-1"]
[WhiteElo "1434"]
[BlackElo "1517"]
[TimeControl "40/5400+30:1800+30"]
[BlackFideId "1571192"]
[WhiteFideId "1530429"]

1. d4 Nf6 2. Nc3 d5 3. Bf4 c5 4. dxc5 e6 5. e3 Qa5 6. Qd2 Bxc5 7. Nb5 Qxd2+
8. Kxd2 Na6 9. Bd3 Ke7 10. a3 Bd7 11. Nc3 Nb8 12. Nf3 Nc6 13. Ng5 h6 14.
Nf3 Nh5 15. Be5 Nxe5 16. Nxe5 Bc8 17. Bg6 fxg6 18. Nxg6+ Kf6 19. Nxh8 g5
20. g4 Ng7 21. h4 Bd7 22. hxg5+ hxg5 23. Rh6+ Ke7 24. Ng6+ Kd6 25. f4 gxf4
26. Nxf4 Rf8 27. Nd3 Bb6 28. Rah1 Ne8 29. g5 Rf3 30. R1h3 Bxe3+ 31. Ke2
Rxh3 32. Rxh3 Bxg5 33. Rg3 Bf6 34. Nd1 Bb5 35. Nf2 e5 36. Kd2 e4 37. Nc1
Bxb2 38. Rb3 Bxc1+ 39. Kxc1 Bc6 40. Kd2 Nf6 41. Ke2 Ke5 42. c3 Kd6 43. Ke3
Kc5 44. Rb4 a5 45. Rd4 b5 46. Nd1 Nd7 47. Kd2 Ne5 48. Kc2 Nf3 49. Rd2 Nxd2
50. Kxd2 Kc4 51. Kc2 d4 52. cxd4 Kxd4 53. Kd2 Be8 54. Nc3 e3+ 55. Kc2 Bg6+
56. Kb2 Bd3 57. a4 b4 58. Nd1 e2 59. Nf2 e1=Q 60. Nxd3 Kxd3 61. Kb3 Qb1#
0-1